 Dungeon Crawl Stone Soup version 0.20-a0-443-g0464b71 (webtiles) character file.

707370 Colliwobble the Conqueror (level 27, -1/218 HPs)
             Began as a Minotaur Fighter on Jan 5, 2017.
             Was a Priest of Hepliaklqana.
             Slain by Sygig the pandemonium lord (19 damage)
             ... on level 5 of the Realm of Zot on Jan 6, 2017.
             The game lasted 05:49:12 (84429 turns).

Colliwobble the Conqueror (Minotaur Fighter)       Turns: 84429, Time: 05:49:13

Health: -1/218     AC: 24    Str: 28    XL:     27
Magic:  25/26      EV: 11    Int:  9    God:    Hepliaklqana [***...]
Gold:   3132       SH: 34    Dex: 12    Spells: 18/26 levels left

rFire  + + .     SeeInvis .     a - +9 sword of Zonguldrok {reap}
rCold  + + .     Gourm    .     H - +0 gold dragon scales
rNeg   + + .     Faith    .     z - +8 large shield
rPois  +         Spirit   .     (helmet unavailable)
rElec  +         Reflect  .     N - +2 cloak of Watchfulness {+Fly}
rCorr  +         Harm     .     V - +0 pair of gloves of the Turtle {Int+2 Dex+4}
MR     +++++     Clarity  +     W - +1 pair of boots {Stlth+}
Stlth  ..........               P - amulet of the Four Winds {rN+ MR+++ Clar}
                                K - ring of Circularity {rC+ rN+}
                                G - ring "Seyjiamm" {rCorr rElec rF+ Int+2}

@: very slightly contaminated, drained
A: retaliatory headbutt, reduced essence, horns 3, berserk 1, blurry vision 3,
clumsy 2, deformed body, frail 1, low mp 1, screaming 1, weak 2, no potion heal
1, subdued magic 2, sturdy frame 1
0: Orb of Zot
}: 3/15 runes: barnacled, silver, gossamer
a: Recall Ancestor, Ancestor Identity, Transference, Renounce Religion, Evoke
Flight


You were on level 5 of the Realm of Zot.
You worshipped Hepliaklqana.
Hepliaklqana was most pleased with you.
You were not hungry.

You visited 10 branches of the dungeon, and saw 50 of its levels.
You visited the Abyss 1 time.
You visited 1 bazaar.
You also visited: Labyrinth, Bailey and Wizlab.

You collected 8221 gold pieces.
You spent 5089 gold pieces at shops.

Inventory:

Hand Weapons
 a - the +9 sword of Zonguldrok (weapon) {reap}
   (You found it in a wizard's laboratory)

   If a monster killed with it leaves a corpse in good enough shape, the corpse
   will be animated as a zombie friendly to the killer.
 b - a +6 hand crossbow of velocity
Missiles
 Y - 1594 bolts
Armour
 g - a +1 hat of spirit shield
 z - a +8 large shield (worn)
 H - +0 gold dragon scales (worn)
 N - the +2 cloak of Watchfulness (worn) {+Fly}
   (You found it on level 3 of the Elven Halls)

   It lets you fly.
 V - the +0 pair of gloves of the Turtle (worn) {Int+2 Dex+4}
   (You bought it in a shop on level 4 of the Vaults)

   It affects your intelligence (+2).
   It affects your dexterity (+4).
 W - a +1 pair of boots of stealth (worn)
Jewellery
 y - an uncursed ring of see invisible
 C - an uncursed ring of positive energy
 G - the ring "Seyjiamm" (left hand) {rCorr rElec rF+ Int+2}
   (You acquired it on level 3 of the Depths)

   [ring of resist corrosion]

   It affects your intelligence (+2).
   It protects you from fire.
   It insulates you from electricity.
 K - the ring of Circularity (right hand) {rC+ rN+}
   (You found it on level 2 of the Realm of Zot)

   [ring of positive energy]

   It protects you from cold.
   It protects you from negative energy.
 P - the amulet of the Four Winds (around neck) {rN+ MR+++ Clar}
   (You found it on level 7 of the Dungeon)

   [amulet of nothing]

   It protects you from negative energy.
   It affects your resistance to hostile enchantments.
   It protects you against confusion.
 X - the amulet of Paguwei {Reflect Str+5 SH+4}
   (You took it off a vault sentinel on level 5 of the Vaults)

   [amulet of reflection]

   It shields you and reflects attacks.
   It affects your strength (+5).
   It affects your SH (+4).
 Z - an uncursed ring of poison resistance
Wands
 c - a wand of disintegration (9/24)
 l - a wand of digging (21/24)
 x - a wand of acid (6/15)
Scrolls
 d - a scroll of holy word
 i - 5 scrolls of magic mapping
 k - 14 scrolls of teleportation
 m - 18 scrolls of remove curse
 E - 9 scrolls of fog
 L - 5 scrolls of blinking
 M - 5 scrolls of fear
 Q - a scroll of summoning
 S - 5 scrolls of identify
 T - 5 scrolls of recharging
Potions
 e - 24 potions of curing
 h - 3 potions of magic
 t - 2 potions of haste
 u - 4 potions of ambrosia
 w - 3 potions of agility
 A - 3 potions of resistance
 B - 4 potions of might
 D - 7 potions of cancellation
 F - 7 potions of brilliance
 J - 6 potions of flight
 U - a potion of invisibility
Miscellaneous
 j - a phial of floods
 o - a fan of gales (inert)
 p - a phial of floods
 R - a lightning rod (inert)
Comestibles
 f - 21 bread rations
 s - 22 meat rations
 O - 7 beef jerkies


   Skills:
 O Level 27(25.2) Fighting
 O Level 27(25.2) Long Blades
   Level 23.5(21.8) Polearms
 - Level 16.0(14.5) Crossbows
 - Level 1.4(0.4) Throwing
 + Level 20.4(18.8) Armour
 + Level 10.2(8.9) Dodging
 - Level 2.4(1.4) Stealth
 + Level 25.5(23.8) Shields
 - Level 1.0(0.0) Charms
 - Level 10.6(9.4) Invocations
 - Level 5.6(4.5) Evocations


You had 18 spell levels left.
You knew the following spells:

 Your Spells              Type           Power        Failure   Level  Hunger
a - Repel Missiles        Chrm/Air       #.....       100%        2    ###....
b - Deflect Missiles      Chrm/Air       #.........   100%        6    #######


Dungeon Overview and Level Annotations

Branches:
Dungeon (15/15)            Temple (1/1) D:4            Lair (6/6) D:11
 Shoals (4/4) Lair:2       Spider (4/4) Lair:3        Slime (0/5) Lair:5
    Orc (2/2) D:10            Elf (3/3) Orc:2        Vaults (5/5) D:14
  Crypt (0/3) Vaults:2     Depths (5/5) D:15            Zot (5/5) Depths:5

Altars:
Ashenzari
Cheibriados
Dithmenos
Elyvilon
Fedhas
Gozag
Hepliaklqana
Kikubaaqudgha
Makhleb
Nemelex Xobeh
Okawaru
Qazlal
Ru
Sif Muna
Trog
Uskayaw
Vehumet
Xom
Yredelemnul
Zin
The Shining One

Shops:
D:15 }   Orc:2 [[!(   Elf:1 *   Elf:2 [   Elf:3 *   Vaults:4 ?[[   Vaults:5 (
Depths:1 *

Portals:
Hell: Depths:1 Depths:2 Depths:3 Depths:4 Depths:5
Abyss: Depths:4
Pandemonium: Depths:1 Depths:3
Ziggurat: Depths:3

Annotations:
D:10 unseen horror
Lair:5 oklobs, exclusion: 2 oklob plants
Orc:1 1 runed door
Elf:2 3 runed doors
Depths:5 exclusion: upstairs


Innate Abilities, Weirdness & Mutations

You reflexively headbutt those who attack you in melee.
You have a pair of large horns on your head.
Your life essence is reduced. (-10% HP)
You tend to lose your temper in combat.
Scrolls take you much longer to read.
You are very clumsy. (Dex -4)
Armour fits poorly on your strangely shaped body.
You are frail. (-10% HP)
Your magical capacity is low. (-10% MP)
You occasionally shout uncontrollably at your foes.
You are very weak. (Str -4)
Potions are less effective at restoring your health.
Your spells are easier to cast, but less powerful.
Your movements are slightly less encumbered by armour. (ER -2)


Message History

Demetirus hits the Hell Sentinel with a broad axe of speed!
Okay, then.
Okay, then.
Evoke which item? (* to show all) (? for menu, Esc to quit)
A fierce wind blows from the fan.
The Hell Sentinel and Demetirus are blown away by the wind.
Sygig hits you but does no damage. You partially resist.
You feel drained. Sygig hits you.
* * * LOW HITPOINT WARNING * * *
You partially resist.
You feel drained. You block the Executioner's attack.
The Executioner hits you but does no damage.
You block the Executioner's attack.
Unknown command.
Evoke which item? (* to show all) (? for menu, Esc to quit)
Aiming: Phantom Mirror
Press: ? - help, Dir - move target cursor, f/p - Sygig
Aim: Sygig (almost dead)
You reflect Sygig with the mirror, and the mirror shatters!
Sygig hits you!!
You die...

..## #....................#
..# #..^.....^.......^...#
..## #..................^.#
.R.# #......(....^........#
..^## #....................#
....###.......)............#
##)()###..................##
##)(..##.....^..1.^...^.##
###^......R1&&@.......##
#▓▓▓▓▓▓▓▓▓▓▓##.....▓▓
▓▓▓▓...............▓▓
##▓...................▓▓
##.........^............▓▓ ▓
#........................▓
▓▓▓.....^.^..........^.....▓
.▓▓.......................▓▓
..▓......(....^..........▓▓


You could see the friendly Demetirus the knight, Sygig, a Hell Sentinel, an
Executioner and the friendly Sygig.

Vanquished Creatures
  Mara (Depths:2)
  11 orbs of fire
  3 ancient liches
  3 juggernauts
  Sojobo (Depths:1)
  Boris (Vaults:3)
  Frederick (Vaults:5)
  Margery (Vaults:4)
  A curse toe (Zot:3)
  7 caustic shrikes
  Xtahua (Vaults:5)
  2 Killer Klowns
  12 golden dragons
  2 electric golems
  Jorgrun (Shoals:2)
  22 tentacled monstrosities
  23 Orb Guardians (Zot:5)
  A deep elf blademaster (Elf:3)
  5 quicksilver dragons
  4 acid blobs (Zot:3)
  An ancient champion (WizLab)
  7 death cobs
  5 sphinxes
  A deep elf master archer (Elf:3)
  A tentacled starspawn (Abyss:2)
  8 tengu reavers
  11 shadow dragons
  11 storm dragons
  8 fire giants
  3 frost giants
  Ilsuiw (Shoals:4)
  3 draconian monks (Zot:3)
  An orc warlord (Vaults:5)
  5 draconian knights
  6 deep elf sorcerers
  Aizul (Vaults:4)
  9 ghost moths
  2 draconian scorchers
  12 vault wardens
  Louise (Shoals:2)
  The ghost of mdk the Severer, a journeyman MiBe of Trog (Lair:6)
  4 draconian stormcallers
  5 draconian shifters
  3 deep elf elementalists
  4 spriggan defenders
  A reaper (Depths:3)
  10 very ugly things
  9 draconian annihilators
  4 entropy weavers
  A juggernaut skeleton (Depths:3)
  17 ironheart preservers
  11 stone giants
  9 emperor scorpions
  A war gargoyle (Vaults:5)
  3 vampire knights
  The ghost of norplu the Cleaver, a journeyman MiFi of the Shining One (D:13)
  2 deep elf annihilators
  6 black draconians
  3 dire elephants (Lair:6)
  5 red draconians
  6 green draconians
  8 white draconians
  6 deep elf demonologists
  19 yellow draconians
  6 spark wasps
  7 purple draconians
  3 merfolk javelineers (Shoals:4)
  The ghost of Voda the Arsonist, a journeyman HOFE of Vehumet (Lair:5)
  9 deep elf death magi
  8 ettins
  6 fire dragons
  5 merfolk impalers
  15 yaktaur captains
  20 ogre magi
  The ghost of Jivvin the Carver, a journeyman MiMo of Dithmenos (Orc:2)
  5 deep elf high priests
  3 rakshasas
  7 great orbs of eyes
  19 vault guards
  9 hydras
  3 spriggan air magi
  5 merfolk avatars
  6 ice dragons
  A ghost crab (shapeshifter) (Vaults:4)
  5 death knights
  4 merfolk aquamancers
  2 satyrs
  12 centaur warriors
  7 deep troll earth magi
  2 catoblepae
  5 deep troll shamans
  68 two-headed ogres
  An alligator snapping turtle (Shoals:4)
  A queen ant (Lair:5)
  2 hell hogs (Depths:2)
  8 tengu warriors
  11 dancing weapons
  3 spriggan berserkers
  A spriggan (Depths:2)
  6 death yaks
  Urug (Lair:5)
  An orc high priest (Elf:3)
  A sun demon (Zot:5)
  14 deep elf knights
  8 hell knights
  A wretched star (Abyss:2)
  A fire crab (shapeshifter) (Depths:3)
  A storm dragon zombie (Depths:4)
  2 iron trolls (Depths:4)
  20 deep trolls
  A golden dragon zombie (Depths:4)
  15 skeletal warriors
  4 wizards
  3 glowing orange brains
  2 cherubim (D:14)
  6 unseen horrors
  3 flayed ghosts
  11 sea snakes
  A starcursed mass (Abyss:2)
  A tengu zombie (Vaults:5)
  17 orc knights
  7 phantasmal warriors
  11 ironbrand convokers
  12 harpies
  10 necromancers
  2 golden dragon skeletons
  A wolf spider zombie (D:14)
  9 deep elf archers
  2 orc sorcerers
  2 stone giant zombies
  6 fauns
  14 cyclopes
  A shadow dragon skeleton (Vaults:5)
  10 orb spiders
  6 manticores
  50 deep elf magi
  A salamander (shapeshifter) (Vaults:5)
  A shining eye (shapeshifter) (Depths:4)
  2 oklob plants (Zot:3)
  31 wolf spiders
  47 ugly things
  A sphinx skeleton (Vaults:2)
  A fire giant zombie (Depths:3)
  2 large abominations (Abyss:2)
  A salamander (Depths:2)
  6 elephants
  10 vault sentinels
  25 moths of wrath
  2 frost giant skeletons
  2 guardian serpents (shapeshifter)
  A rust devil (Depths:3)
  An apocalypse crab (Abyss:2)
  A spriggan zombie (Depths:4)
  12 merfolk sirens
  2 torpor snails
  2 fire giant skeletons (Vaults:2)
  A naga mage (D:15)
  A torpor snail (shapeshifter) (Depths:1)
  A black mamba (shapeshifter) (Vaults:1)
  4 black mambas
  A smoke demon (Abyss:2)
  4 gargoyles
  6 orange demons (D:11)
  10 spiny frogs
  2 water nymphs
  An efreet (D:14)
  A yaktaur zombie (Vaults:3)
  2 rime drakes
  4 komodo dragons
  35 yaktaurs
  12 demonic crawlers
  4 kobold demonologists (D:14)
  A hellwing (Depths:3)
  A yaktaur skeleton (Vaults:5)
  3 tengu conjurers
  9 freezing wraiths
  A red devil (D:11)
  An ice devil (Depths:3)
  8 trolls
  A golden dragon simulacrum (Depths:4)
  24 jumping spiders
  13 merfolk
  3 meliai (shapeshifter)
  4 meliai
  5 wind drakes (Shoals:4)
  A polar bear (shapeshifter) (Vaults:1)
  2 polar bears
  17 blink frogs
  A raiju (Abyss:2)
  12 hornets
  A hornet (shapeshifter) (Vaults:5)
  5 dream sheep
  A stone giant simulacrum (Vaults:1)
  5 snapping turtles
  2 human simulacra
  22 slime creatures
  An ettin skeleton (Vaults:2)
  A frost giant simulacrum (Depths:4)
  15 hippogriffs
  A meliai zombie (D:15)
  2 spriggans (shapeshifter)
  7 wraiths
  A centaur simulacrum (D:14)
  A spriggan simulacrum (Depths:4)
  57 redbacks
  A shadow (Vaults:2)
  32 tarantellas
  9 air elementals
  49 yaks
  14 water elementals
  8 wyverns (Lair:5)
  4 vampires (WizLab)
  The ghost of towersofbeng the Slasher, an amateur MiBe of Trog (D:3)
  7 fire elementals
  2 hogs (shapeshifter)
  3 wargs
  8 basilisks
  A steam dragon (D:10)
  A hungry ghost (D:10)
  2 vampire mosquitoes (D:15)
  7 soldier ants (Lair:5)
  Menkaure (D:3)
  A two-headed ogre zombie (WizLab)
  3 acid dragons
  3 hydra simulacra (Depths:2)
  7 hell hounds (Depths:2)
  10 water moccasins
  8 porcupines
  36 orc warriors
  3 ice beasts
  3 sky beasts
  A sky beast (shapeshifter) (Depths:2)
  2 hornet zombies
  3 human zombies
  2 eyes of draining (shapeshifter)
  18 centaurs
  A phantom (D:11)
  A boggart (shapeshifter) (Depths:4)
  4 eyes of draining
  2 boggarts
  10 human skeletons
  55 ogres
  3 wolves
  11 crocodiles
  Blork the orc (D:5)
  A big kobold (shapeshifter) (Depths:4)
  4 big kobolds
  3 earth elementals (Elf:3)
  19 bullfrogs
  7 gnoll sergeants
  2 glowing shapeshifter simulacra
  4 small abominations
  19 scorpions
  3 troll zombies (WizLab)
  12 killer bees
  An electric eel (Lair:2)
  A vampire bat (Lair:1)
  9 wights
  2 spriggan skeletons (Lab)
  2 lava snakes (D:15)
  2 howler monkeys
  7 crimson imps
  2 quasits
  A bullfrog zombie (D:12)
  2 centaur zombies
  A centaur skeleton (Lab)
  7 hounds
  3 bullfrog skeletons
  31 orc priests
  13 jellies
  5 gnoll shamans
  Jessica (D:3)
  28 orc wizards
  Terence (D:3)
  4 iguanas
  23 worker ants
  5 ogre zombies (WizLab)
  An ogre skeleton (Lab)
  A hound skeleton (D:4)
  A worker ant zombie (D:5)
  17 gnolls
  8 adders
  6 shadow imps
  A white imp (D:4)
  An ufetubus (Zot:5)
  3 worms
  2 dart slugs
  5 leopard geckos
  97 orcs
  5 giant cockroaches
  20 goblins
  8 hobgoblins
  8 jackals
  12 kobolds
  2 quokkas
  A ball python (D:2)
  14 bats
  2 frilled lizards
  A giant cockroach zombie (D:6)
  A goblin zombie (D:4)
  A hobgoblin zombie (D:4)
  A jackal skeleton (D:4)
  2 kobold skeletons (D:4)
  A kobold zombie (D:4)
  3 orc skeletons (D:4)
  An orc zombie (D:4)
  3 quokka skeletons
  7 rats
  A fungus (Elf:3)
  4 plants
2146 creatures vanquished.

Vanquished Creatures (collateral kills)
  3 orbs of fire (Zot:5)
  An ancient lich (Vaults:5)
  A juggernaut (Depths:2)
  A curse toe (Zot:4)
  5 caustic shrikes (Depths:4)
  2 Killer Klowns
  7 golden dragons
  5 tentacled monstrosities
  2 electric golems
  3 Orb Guardians (Zot:5)
  A deep elf blademaster (Elf:3)
  A deep elf master archer (Elf:3)
  3 titans
  2 quicksilver dragons (Zot:3)
  5 acid blobs (Zot:3)
  A death cob (Zot:3)
  2 sphinxes (Depths:4)
  4 shadow dragons
  3 tengu reavers
  2 storm dragons
  A ghost moth (Lair:3)
  4 frost giants
  A deep elf sorcerer (Vaults:5)
  5 fire giants
  A draconian knight (Zot:3)
  A vault warden (Vaults:4)
  A draconian scorcher (Zot:4)
  3 iron dragons
  A draconian annihilator (Zot:4)
  2 draconian shifters
  2 draconian stormcallers
  3 deep elf elementalists
  7 very ugly things
  2 ironheart preservers
  4 stone giants
  8 black draconians
  4 deep elf demonologists
  2 entropy weavers
  3 white draconians
  4 green draconians
  3 dire elephants (Lair:6)
  3 deep elf annihilators
  3 spark wasps (Depths:4)
  3 purple draconians
  3 red draconians
  6 yellow draconians
  2 merfolk javelineers (Shoals:4)
  2 ettins
  A blizzard demon (Zot:5)
  A minotaur (Lab)
  4 merfolk impalers
  3 deep elf high priests
  2 fire dragons
  A crystal guardian (Vaults:3)
  3 yaktaur captains
  2 rakshasas
  17 vault guards
  A great orb of eyes (Vaults:5)
  A spriggan air mage (Depths:2)
  An anaconda (Lair:6)
  3 centaur warriors
  2 ice dragons
  2 hydras
  23 two-headed ogres
  A deep troll shaman (Depths:2)
  A death yak (Lair:6)
  An alligator snapping turtle (Shoals:4)
  6 dancing weapons
  A spriggan berserker (Depths:2)
  A tengu warrior (Depths:2)
  9 ogre magi
  4 deep troll earth magi
  5 deep elf knights
  8 hell knights
  A wretched star (Abyss:2)
  A shadow wraith (Vaults:3)
  2 skeletal warriors (WizLab)
  An iron troll (Depths:4)
  12 deep trolls
  3 flayed ghosts
  3 sea snakes
  An unseen horror (D:12)
  A wizard (Vaults:1)
  A starcursed mass (Abyss:2)
  3 deep elf archers
  A glowing orange brain (Depths:1)
  2 phantasmal warriors (Vaults:5)
  3 ironbrand convokers
  2 harpies
  8 orb spiders
  A necromancer (Depths:4)
  An orc knight (Vaults:2)
  An oklob plant (Zot:3)
  17 deep elf magi
  3 manticores
  10 wolf spiders
  2 fauns
  8 slime creatures
  4 ugly things
  4 cyclopes
  An iron dragon skeleton (Depths:3)
  4 moths of wrath
  A rust devil (Zot:5)
  A black mamba (Lair:2)
  3 elephants (Lair:6)
  2 water nymphs (Shoals:4)
  An eye of devastation (Lair:5)
  A smoke demon (Abyss:2)
  5 vault sentinels
  3 spiny frogs
  4 merfolk sirens
  A centaur skeleton (D:15)
  2 centaur zombies
  2 orange demons (D:11)
  A torpor snail (Spider:4)
  2 rime drakes (Lair:5)
  A rime drake (shapeshifter) (Vaults:5)
  2 komodo dragons
  An ice devil (Zot:5)
  9 yaktaurs
  2 freezing wraiths
  5 demonic crawlers
  A polar bear (Lair:2)
  A troll (Vaults:5)
  10 merfolk
  2 red devils (D:11)
  A yaktaur skeleton (Vaults:2)
  A harpy skeleton (D:15)
  6 jumping spiders
  A wind drake (Shoals:2)
  2 meliai (Spider:2)
  2 blink frogs
  3 hippogriffs
  A snapping turtle (shapeshifter) (Depths:1)
  5 hornets
  A snapping turtle (Shoals:1)
  16 redbacks
  A dream sheep (Shoals:2)
  An air elemental (Depths:4)
  A shadow (D:14)
  10 tarantellas
  8 yaks
  A ynoxinul (Abyss:2)
  2 spriggans (Depths:2)
  A basilisk (Lair:5)
  2 wraiths
  6 water elementals
  A fire elemental (Elf:3)
  2 hungry ghosts
  2 wargs
  3 vampire mosquitoes (D:15)
  2 soldier ants (Lair:5)
  4 hydra simulacra (Depths:2)
  2 water moccasins
  9 orc warriors
  16 ogres
  2 boggarts (Vaults:3)
  A phantom (D:11)
  8 centaurs
  2 eyes of draining
  A necrophage (D:9)
  A big kobold (D:14)
  An earth elemental (Elf:1)
  3 bullfrogs
  2 gnoll sergeants (Bailey)
  19 scorpions (Spider:2)
  2 troll zombies (WizLab)
  2 killer bees (D:8)
  A wight (WizLab)
  An electric eel (Elf:3)
  A crimson imp (D:15)
  3 hounds
  6 jellies (Zot:3)
  2 gnoll shamans (Bailey)
  7 orc priests
  9 orc wizards
  5 worker ants (Lair:5)
  2 ogre zombies (WizLab)
  A worker ant zombie (D:9)
  13 gnolls
  2 adders
  A worm (D:6)
  52 orcs
  A goblin (D:10)
  6 kobolds
  A quokka (D:7)
  2 bats
  3 fungi
  7 plants
689 creatures vanquished.

Vanquished Creatures (others)
  A deep elf master archer (Elf:3)
  A draconian knight (Zot:3)
  A yaktaur captain (Vaults:5)
  A vault guard (Vaults:5)
  A deep troll earth mage (Depths:2)
  A deep troll (Vaults:5)
  A deep elf archer (Vaults:1)
  3 moths of wrath (Zot:5)
  A slime creature (Depths:3)
  A redback (Spider:1)
  4 ogres
  A centaur (D:15)
  A jelly (Zot:3)
  58 knights
  5 ancestors
  An orc (Elf:3)
  A bush (D:11)
  12 fungi
  36 plants
  2 starspawn tentacles (Abyss:2)
133 creatures vanquished.

Grand Total: 2968 creatures vanquished

Notes
Turn   | Place    | Note
-------+----------+-------------------------------------------
     0 | D:1      | Colliwobble the Minotaur Fighter began the quest for the Orb.
     0 | D:1      | Reached XP level 1. HP: 19/19 MP: 0/0
   136 | D:1      | Reached XP level 2. HP: 26/26 MP: 1/1
   523 | D:1      | Reached XP level 3. HP: 31/31 MP: 2/2
   715 | D:2      | Found a glowing silver altar of Zin.
   878 | D:2      | Reached skill level 5 in Polearms
   925 | D:2      | Reached XP level 4. HP: 36/39 MP: 3/3
  1222 | D:2      | Found a radiant altar of Vehumet.
  1319 | D:3      | Noticed towersofbeng's ghost (amateur MiBe)
  1332 | D:3      | Killed towersofbeng's ghost
  1332 | D:3      | Reached XP level 5. HP: 41/45 MP: 4/4
  1344 | D:3      | Noticed Jessica
  1354 | D:3      | Killed Jessica
  1379 | D:3      | Found a sparkling altar of Nemelex Xobeh.
  1507 | D:3      | Reached XP level 6. HP: 51/51 MP: 5/5
  1528 | D:3      | Noticed Terence
  1539 | D:3      | Killed Terence
  1776 | D:4      | Found a glowing golden altar of the Shining One.
  1792 | D:4      | Noticed Menkaure
  1966 | D:3      | Killed Menkaure
  2278 | D:4      | Found a staircase to the Ecumenical Temple.
  2288 | Temple   | Entered the Ecumenical Temple
  2353 | Temple   | Became a worshipper of Hepliaklqana the Forgotten
  2586 | D:4      | Found an iron altar of Okawaru.
  2765 | D:4      | Reached XP level 7. HP: 47/51 MP: 6/6
  2767 | D:4      | Found a deep blue altar of Sif Muna.
  2859 | D:4      | Reached skill level 1 in Dodging
  3163 | D:5      | Entered Level 5 of the Dungeon
  3262 | D:5      | Reached skill level 10 in Polearms
  3372 | D:5      | Noticed Blork the orc
  3389 | D:5      | Killed Blork the orc
  3440 | D:5      | Reached XP level 8. HP: 55/57 MP: 7/7
  3442 | D:5      | Reached skill level 1 in Stealth
  3778 | D:5      | Found a burning altar of Makhleb.
  4190 | D:5      | Reached * piety under Hepliaklqana
  5035 | D:6      | Reached XP level 9. HP: 63/63 MP: 8/8
  5124 | D:6      | Reached ** piety under Hepliaklqana
  5125 | D:6      | Remembered your ancestor Demetirus as a knight
  5872 | D:7      | Found a shattered altar of Ashenzari.
  6205 | D:8      | Reached skill level 1 in Throwing
  6213 | D:8      | Reached *** piety under Hepliaklqana
  6655 | D:8      | Reached skill level 15 in Polearms
  6978 | D:8      | Found a bloodstained altar of Trog.
  7260 | D:9      | Found a blossoming altar of Fedhas.
  7322 | D:9      | Reached XP level 10. HP: 64/69 MP: 7/9
  7436 | D:9      | Noticed a two-headed ogre
  7454 | D:9      | Killed a two-headed ogre
  7706 | D:9      | Reached skill level 1 in Invocations
  7788 | D:10     | Entered Level 10 of the Dungeon
  7827 | D:10     | Found a flagged portal.
  7845 | Bailey   | Entered a bailey
  8077 | Bailey   | Reached skill level 5 in Fighting
  8630 | D:10     | Found a blossoming altar of Fedhas.
  8852 | D:11     | Noticed an orange demon
  8852 | D:11     | Noticed an orange demon
  8852 | D:11     | Noticed an orange demon
  8853 | D:11     | Noticed an orange demon
  8862 | D:11     | Paralysed by a hornet for 1 turns
  8870 | D:11     | Killed an orange demon
  8882 | D:11     | Killed an orange demon
  8882 | D:11     | Reached skill level 5 in Armour
  8896 | D:11     | Killed an orange demon
  9169 | D:11     | Noticed a two-headed ogre
  9171 | D:11     | Killed an orange demon
  9171 | D:11     | Reached XP level 11. HP: 74/83 MP: 11/13
  9458 | D:10     | Found a staircase to the Orcish Mines.
 10158 | D:11     | Killed an unseen horror
 10274 | D:11     | Killed a two-headed ogre
 10279 | D:11     | Reached skill level 10 in Fighting
 10408 | D:11     | Found a staircase to the Lair.
 10838 | D:11     | Killed an unseen horror
 11035 | D:11     | Reached skill level 10 in Armour
 11067 | Lair:1   | Entered Level 1 of the Lair of Beasts
 11075 | D:11     | Reached XP level 12. HP: 82/99 MP: 10/14
 11287 | Lair:1   | Reached **** piety under Hepliaklqana
 11478 | Lair:1   | Noticed a seven-headed hydra
 11489 | Lair:1   | Killed a seven-headed hydra
 12173 | Lair:2   | Noticed a five-headed hydra
 12186 | Lair:1   | Killed a five-headed hydra
 12757 | Lair:2   | Found a staircase to the Shoals.
 12762 | Lair:2   | Reached skill level 5 in Invocations
 13456 | Lair:3   | Found a hole to the Spider Nest.
 13570 | Lair:3   | Reached skill level 5 in Shields
 13573 | Lair:3   | Reached XP level 13. HP: 109/109 MP: 16/16
 13928 | Lair:3   | Reached ***** piety under Hepliaklqana
 14881 | Lair:5   | Noticed an entropy weaver
 14881 | Lair:5   | Noticed an entropy weaver
 15652 | Lair:5   | Killed an entropy weaver
 15886 | Lair:5   | Noticed Voda's ghost (journeyman HOFE)
 15910 | Lair:5   | Killed Voda's ghost
 15918 | Lair:5   | Found a staircase to the Slime Pits.
 16003 | Lair:5   | Noticed Urug
 16033 | Lair:5   | Killed Urug
 16255 | Lair:5   | Reached skill level 10 in Shields
 16627 | Lair:5   | Killed an entropy weaver
 17079 | Orc:1    | Entered Level 1 of the Orcish Mines
 17271 | Orc:1    | Reached skill level 10 in Invocations
 17344 | Orc:1    | Found a runed door.
 17448 | Orc:2    | Entered Level 2 of the Orcish Mines
 17694 | Orc:2    | Found a staircase to the Elven Halls.
 17843 | Orc:2    | Reached XP level 14. HP: 95/116 MP: 16/20
 17937 | Orc:2    | Found Kocucz Gooh's Weapon Shoppe.
 17937 | Orc:2    | Found Huannuih's Distillery.
 17938 | Orc:2    | Found Hidwov's Armour Shop.
 17938 | Orc:2    | Found Ynupas's Antique Armour Emporium.
 19008 | Orc:2    | Noticed Jivvin's ghost (journeyman MiMo)
 19562 | Orc:2    | Killed Jivvin's ghost
 20400 | Shoals:1 | Entered Level 1 of the Shoals
 20623 | Lair:5   | Got a polished hunting sling
 20624 | Lair:5   | Identified the +6 hunting sling of Wyrd {venom, Fragile rN++} (You found it on level 5 of the Lair of Beasts)
 21724 | Shoals:1 | Reached skill level 1 in Crossbows
 22291 | Shoals:1 | Reached ****** piety under Hepliaklqana
 22554 | Shoals:2 | Found Hurree Coyk's General Store.
 22554 | Shoals:2 | Noticed Jorgrun
 22565 | Shoals:2 | Killed Jorgrun
 22565 | Shoals:2 | Reached skill level 5 in Crossbows
 22565 | Shoals:2 | Reached XP level 15. HP: 124/124 MP: 21/21
 22856 | Shoals:2 | Got a warped falchion
 23622 | Shoals:2 | Noticed Louise
 23656 | Shoals:2 | Killed Louise
 23921 | Shoals:3 | Found a blossoming altar of Fedhas.
 25153 | Spider:1 | Entered Level 1 of the Spider Nest
 26667 | Spider:1 | Reached XP level 16. HP: 114/131 MP: 19/22
 27446 | Spider:1 | Identified the cursed +3 falchion "Pubbi Feo" {protect, Dex+9} (You found it on level 2 of the Shoals)
 29466 | Spider:2 | Reached skill level 15 in Shields
 30322 | Spider:2 | Reached skill level 5 in Dodging
 31148 | Spider:3 | Identified the Tome of Boosting Conjuration
 31565 | Spider:3 | Gained mutation: Your movements are slightly less encumbered by armour. (ER -2) [potion of beneficial mutation]
 32658 | D:12     | Noticed a shadow dragon
 32668 | D:12     | Reached XP level 17. HP: 119/138 MP: 18/23
 33168 | D:13     | Noticed norplu's ghost (journeyman MiFi)
 33187 | D:13     | Killed norplu's ghost
 33187 | D:13     | Reached skill level 15 in Fighting
 33250 | D:13     | Found a labyrinth entrance.
 33254 | Lab      | Entered a labyrinth
 34231 | D:14     | Found a gate to the Vaults.
 34671 | D:14     | Reached skill level 10 in Dodging
 35286 | Lair:6   | Entered Level 6 of the Lair of Beasts
 35371 | Lair:6   | Noticed mdk's ghost (journeyman MiBe)
 35935 | Lair:6   | Killed mdk's ghost
 37164 | Lair:6   | Got an ancient marble ring
 37176 | Lair:6   | Identified the ring "Gantiuff" {Fire *Drain Str+2 Dex+2 Stlth+} (You found it on level 6 of the Lair of Beasts)
 37178 | Lair:6   | Got a slimy bardiche
 37520 | Shoals:4 | Entered Level 4 of the Shoals
 37527 | Shoals:4 | Reached XP level 18. HP: 153/153 MP: 24/24
 37598 | Shoals:4 | Noticed Ilsuiw
 38043 | Shoals:4 | Killed Ilsuiw
 39448 | Shoals:4 | Identified the +0 bardiche of Koakaent {venom, rPois Int+2 Stlth+} (You found it on level 6 of the Lair of Beasts)
 39938 | Shoals:4 | Got a barnacled rune of Zot
 40898 | Spider:4 | Entered Level 4 of the Spider Nest
 42778 | Spider:4 | Got a gossamer rune of Zot
 43694 | D:15     | Entered Level 15 of the Dungeon
 43778 | D:15     | Reached XP level 19. HP: 134/163 MP: 21/25
 43918 | D:15     | Got a heavily runed wooden ring
 44062 | D:15     | Found a staircase to the Depths.
 44304 | D:15     | Found Ijiap's Gadget Emporium.
 45094 | Elf:1    | Entered Level 1 of the Elven Halls
 45395 | Elf:1    | Identified the Grimoire of Creation
 45970 | Elf:1    | Found Noasm's Assorted Antiques.
 45979 | Elf:1    | Bought a scroll of identify for 60 gold pieces
 45979 | Elf:1    | Bought a scroll labeled SAWKEU TUPN for 30 gold pieces
 45979 | Elf:1    | Identified the ring of Twilight {Fire Int+5} (You found it on level 15 of the Dungeon)
 46074 | Elf:1    | Reached skill level 15 in Armour
 46260 | Elf:2    | Found Wuilubbo's Antique Armour Shop.
 46333 | Elf:2    | Found a magical portal.
 46346 | WizLab   | Entered Zonguldrok's Shrine
 46583 | WizLab   | Noticed an antique lich
 46602 | WizLab   | Killed an antique lich
 46839 | Elf:2    | Found a runed gate.
 46839 | Elf:2    | Found a runed gate.
 46840 | Elf:2    | Found a runed gate.
 46842 | Elf:2    | Reached skill level 1 in Long Blades
 47124 | Elf:3    | Entered Level 3 of the Elven Halls
 47177 | Elf:3    | Cast into level 2 of the Abyss (war axe of distortion)
 47182 | Abyss:2  | Found a bloodstained altar of Trog.
 47434 | Abyss:2  | Reached XP level 20. HP: 127/171 MP: 17/21
 47504 | Elf:3    | Escaped the Abyss
 47507 | Elf:3    | Reached skill level 5 in Long Blades
 47731 | Elf:3    | Found Fiummad's General Store.
 47735 | Elf:3    | Bought a scroll of identify for 20 gold pieces
 47814 | Elf:3    | Learned a level 2 spell: Repel Missiles
 47821 | Elf:3    | Learned a level 6 spell: Deflect Missiles
 49116 | Elf:3    | Reached skill level 10 in Long Blades
 49615 | Elf:3    | Got a vibrating golden ring
 49973 | Elf:3    | Identified the ring "Taxkegg" {*Tele rN+ Dex-2 Slay+6} (You took it off a deep elf blademaster on level 3 of the Elven Halls)
 50038 | Elf:3    | Got a faintly glowing cloak
 50039 | Elf:3    | Identified the +2 cloak of Watchfulness {+Fly} (You found it on level 3 of the Elven Halls)
 50060 | Elf:3    | Got a sparkling silver amulet
 50062 | Elf:3    | Identified the amulet "Ekolenwei" {Inacc MR- Int+5} (You found it on level 3 of the Elven Halls)
 50716 | Vaults:1 | Entered Level 1 of the Vaults
 51865 | Vaults:1 | Reached skill level 15 in Long Blades
 52306 | Vaults:1 | Reached XP level 21. HP: 178/178 MP: 27/27
 54470 | Vaults:2 | Found a staircase to the Crypt.
 54512 | Vaults:2 | Upgraded the game from 0.20-a0-435-gf4ea4dd to 0.20-a0-443-g0464b71
 54710 | Vaults:3 | Noticed Boris
 54745 | Vaults:3 | Killed Boris
 55578 | Elf:2    | Bought an encrusted plate armour for 868 gold pieces
 55578 | Elf:2    | Identified the cursed +0 plate armour "Ihucut" {Str+4} (You bought it in a shop on level 2 of the Elven Halls)
 57116 | Vaults:3 | Reached skill level 1 in Charms
 57304 | Vaults:4 | Found Peewkar's Antique Armour Shop.
 57317 | Vaults:4 | Bought a pair of warped gloves for 323 gold pieces
 57317 | Vaults:4 | Bought a dazzling shield for 323 gold pieces
 57332 | Vaults:3 | Identified the cursed +0 pair of gloves of Ozust {Int+4} (You bought it in a shop on level 4 of the Vaults)
 57342 | Vaults:3 | Identified the +0 shield of Vexation {rC- rN+ rCorr Stlth+} (You bought it in a shop on level 4 of the Vaults)
 57518 | Vaults:4 | Reached XP level 22. HP: 154/188 MP: 28/28
 57711 | Vaults:4 | Found Weneniy's Antique Armour Shoppe.
 57736 | Vaults:4 | Bought a pair of warped gloves for 247 gold pieces
 57747 | Vaults:4 | Identified the cursed +0 pair of gloves of the Turtle {Int+2 Dex+4} (You bought it in a shop on level 4 of the Vaults)
 57755 | Vaults:4 | Noticed Margery
 57777 | Vaults:4 | Killed Margery
 58213 | Vaults:4 | Found Pemuegh's Magic Scroll Shop.
 58240 | Vaults:4 | Bought a scroll of identify for 36 gold pieces
 58240 | Vaults:4 | Bought a scroll of identify for 36 gold pieces
 58240 | Vaults:4 | Bought a scroll of identify for 36 gold pieces
 58240 | Vaults:4 | Bought a scroll of enchant armour for 135 gold pieces
 58240 | Vaults:4 | Bought a scroll of enchant armour for 135 gold pieces
 59231 | Vaults:4 | Noticed Aizul
 59251 | Vaults:4 | Killed Aizul
 59766 | Depths:1 | Entered Level 1 of the Depths
 59903 | Depths:1 | Found a one-way gate leading to the halls of Pandemonium.
 59907 | Depths:1 | Found Fuomel's Elemental Accessories.
 60161 | Depths:1 | Noticed Sojobo
 60194 | Depths:1 | Killed Sojobo
 60955 | Depths:1 | Found a gateway to Hell.
 61518 | Depths:2 | Reached XP level 23. HP: 180/193 MP: 26/29
 61661 | Depths:2 | Noticed Mara
 61674 | Depths:2 | Noticed Colliwobble's illusion
 61694 | Depths:2 | Killed Mara
 62140 | Depths:2 | Noticed a juggernaut
 62150 | Depths:2 | Killed a juggernaut
 62738 | Depths:3 | Found a gateway to a bazaar.
 62749 | Bazaar   | Entered a bazaar
 62751 | Bazaar   | Found Bomiatroori's Armour Boutique.
 62755 | Bazaar   | Bought a +1 pair of gloves of strength for 214 gold pieces
 62755 | Bazaar   | Found Tedumad's Magic Scroll Boutique.
 62755 | Bazaar   | Found Ripa Moo's General Store.
 62755 | Bazaar   | Found Coosych's Assorted Antiques.
 62762 | Bazaar   | Bought a scroll of enchant armour for 157 gold pieces
 62762 | Bazaar   | Bought a runed steel ring for 105 gold pieces
 62762 | Bazaar   | Bought a potion of heal wounds for 105 gold pieces
 62762 | Bazaar   | Bought a scroll of identify for 42 gold pieces
 62776 | Bazaar   | Bought a scroll of enchant armour for 120 gold pieces
 62776 | Bazaar   | Bought a scroll of identify for 32 gold pieces
 62776 | Bazaar   | Bought a scroll of recharging for 152 gold pieces
 62776 | Bazaar   | Bought a scroll of identify for 32 gold pieces
 62776 | Bazaar   | Bought a scroll of acquirement for 832 gold pieces
 62813 | Bazaar   | Bought a +1 pair of boots of stealth for 214 gold pieces
 62867 | Depths:3 | Found a gateway to a ziggurat.
 63175 | Depths:3 | Got a faintly glowing pewter ring
 63176 | Depths:3 | Identified the ring "Seyjiamm" {rCorr rElec rF+ Int+2} (You acquired it on level 3 of the Depths)
 63544 | Depths:3 | You fall through a shaft for 2 floors!
 63544 | Depths:5 | Entered Level 5 of the Depths
 63545 | Depths:5 | Noticed a juggernaut
 63557 | Depths:5 | Killed a juggernaut
 63662 | Depths:4 | Noticed a caustic shrike
 63662 | Depths:4 | Noticed a caustic shrike
 63662 | Depths:4 | Noticed a caustic shrike
 63662 | Depths:4 | Noticed a caustic shrike
 63662 | Depths:4 | Noticed a caustic shrike
 63662 | Depths:4 | Noticed a caustic shrike
 63662 | Depths:4 | Noticed a caustic shrike
 63662 | Depths:4 | Noticed a juggernaut
 63662 | Depths:4 | Noticed a juggernaut
 63662 | Depths:4 | Noticed a caustic shrike
 63662 | Depths:4 | Noticed a caustic shrike
 63676 | Depths:5 | Killed a caustic shrike
 64283 | Depths:4 | Reached XP level 24. HP: 125/201 MP: 17/29
 64756 | Vaults:5 | Entered Level 5 of the Vaults
 64800 | Vaults:5 | Noticed Frederick
 64805 | Vaults:5 | Paralysed by a floating eye for 4 turns
 64824 | Vaults:5 | Killed Frederick
 64825 | Vaults:5 | Noticed Xtahua
 65087 | Vaults:5 | Killed Xtahua
 65218 | Vaults:5 | Got a twitching jade amulet
 65231 | Vaults:5 | Noticed an ancient lich
 65247 | Vaults:5 | Killed an ancient lich
 65602 | Vaults:5 | Identified the amulet of Paguwei {Reflect Str+5 SH+4} (You took it off a vault sentinel on level 5 of the Vaults)
 66221 | Vaults:5 | Reached XP level 25. HP: 159/207 MP: 27/29
 66367 | Vaults:5 | Found Iseiper's Weapon Boutique.
 66750 | Vaults:5 | Got a silver rune of Zot
 66751 | Vaults:5 | Identified the Disquisition on Earthen Orientation
 68002 | Depths:5 | Found a gate to the Realm of Zot.
 68475 | Depths:4 | Found a one-way gate to the infinite horrors of the Abyss.
 68793 | Depths:4 | Killed a juggernaut
 68988 | Depths:4 | Killed a juggernaut
 69970 | Depths:4 | Reached XP level 26. HP: 199/215 MP: 27/29
 70019 | Depths:4 | Reached skill level 1 in Evocations
 70726 | Zot:1    | Entered Level 1 of the Realm of Zot
 71006 | Zot:1    | Reached skill level 5 in Evocations
 71030 | Zot:1    | Noticed an orb of fire
 71040 | Zot:1    | Gained mutation: You are frail. (-10% HP) [an orb of fire]
 71043 | Zot:1    | Gained mutation: You are dopey. (Int -2) [an orb of fire]
 71049 | Zot:1    | Killed an orb of fire
 71886 | Zot:2    | Got a pitted lapis lazuli ring
 71983 | Zot:2    | Identified the ring of Circularity {rC+ rN+} (You found it on level 2 of the Realm of Zot)
 71988 | Zot:2    | Got a pair of faintly glowing gloves
 71989 | Zot:2    | Identified the +1 pair of gloves of Tihettud {Int+7} (You found it on level 2 of the Realm of Zot)
 72633 | Zot:3    | Reached skill level 10 in Crossbows
 73393 | Zot:3    | Reached XP level 27. HP: 76/204 MP: 7/29
 76733 | Zot:4    | Reached skill level 15 in Crossbows
 76963 | Zot:5    | Entered Level 5 of the Realm of Zot
 77360 | Zot:5    | Noticed an ancient lich
 77374 | Zot:5    | Killed an ancient lich
 77590 | Zot:5    | Noticed an ancient lich
 77624 | Zot:5    | Killed an ancient lich
 77632 | Zot:5    | Noticed an orb of fire
 77644 | Zot:5    | Killed an orb of fire
 77841 | Zot:5    | Noticed an orb of fire
 77849 | Zot:5    | Noticed an orb of fire
 77874 | Zot:5    | Noticed an orb of fire
 77878 | Zot:5    | Gained mutation: You are very frail. (-20% HP) [an orb of fire]
 77880 | Zot:5    | Gained mutation: Armour fits poorly on your strangely shaped body. [an orb of fire]
 77885 | Zot:5    | Killed an orb of fire
 77888 | Zot:5    | Gained mutation: You are extremely frail. (-30% HP) [an orb of fire]
 78835 | Vaults:5 | Lost mutation: Armour fits poorly on your strangely shaped body. [potion of cure mutation]
 78835 | Vaults:5 | Lost mutation: You are extremely frail. (-30% HP) [potion of cure mutation]
 78835 | Vaults:5 | Lost mutation: You are dopey. (Int -2) [potion of cure mutation]
 79190 | Elf:1    | Bought a potion of haste for 300 gold pieces
 79190 | Elf:1    | Bought a potion of curing for 90 gold pieces
 79190 | Elf:1    | Bought a potion of curing for 90 gold pieces
 79342 | Orc:2    | Bought a potion of heal wounds for 65 gold pieces
 79343 | Orc:2    | Bought a glowing hat for 290 gold pieces
 79957 | Zot:5    | Noticed an orb of fire
 80133 | Zot:5    | Noticed an orb of fire
 80152 | Zot:5    | Killed an orb of fire
 80155 | Zot:5    | Noticed an orb of fire
 80407 | Zot:5    | Gained mutation: You tend to lose your temper in combat. [an orb of fire]
 80411 | Zot:5    | Gained mutation: Potions are less effective at restoring your health. [an orb of fire]
 80577 | Zot:5    | Gained mutation: You are weak. (Str -2) [an orb of fire]
 80586 | Zot:5    | Killed an orb of fire
 80770 | Zot:5    | Noticed an orb of fire
 80838 | Zot:5    | Gained mutation: You have a pair of large horns on your head. [an orb of fire]
 80844 | Zot:5    | Killed an orb of fire
 81145 | Zot:5    | Lost mutation: You are very frail. (-20% HP) [an orb of fire]
 81150 | Zot:5    | Killed an orb of fire
 81578 | Zot:5    | Gained mutation: You are clumsy. (Dex -2) [an orb of fire]
 81584 | Zot:5    | Gained mutation: Scrolls take you a little longer to read. [an orb of fire]
 81587 | Zot:5    | Gained mutation: Your spells are a little easier to cast, but a little less powerful. [an orb of fire]
 81593 | Zot:5    | Killed an orb of fire
 81829 | Zot:5    | Reached skill level 27 in Fighting
 81839 | Zot:5    | Noticed an orb of fire
 81853 | Zot:5    | Gained mutation: You occasionally shout uncontrollably at your foes. [an orb of fire]
 81876 | Zot:4    | Gained mutation: You are very clumsy. (Dex -4) [an orb of fire]
 81881 | Zot:4    | Killed an orb of fire
 82539 | Zot:5    | Gained mutation: Armour fits poorly on your strangely shaped body. [an orb of fire]
 82539 | Zot:5    | Gained mutation: You are very weak. (Str -4) [an orb of fire]
 82550 | Zot:5    | Gained mutation: Scrolls take you longer to read. [an orb of fire]
 82554 | Zot:5    | Killed an orb of fire
 82562 | Zot:5    | Noticed an orb of fire
 82567 | Zot:5    | Gained mutation: Your magical capacity is low. (-10% MP) [an orb of fire]
 82576 | Zot:5    | Killed an orb of fire
 83094 | Zot:5    | Noticed an orb of fire
 83096 | Zot:5    | Gained mutation: Scrolls take you much longer to read. [an orb of fire]
 83103 | Zot:5    | Gained mutation: Your spells are easier to cast, but less powerful. [an orb of fire]
 83105 | Zot:5    | Killed an orb of fire
 83324 | Zot:5    | Noticed an orb of fire
 83338 | Zot:5    | Killed an orb of fire
 83792 | Zot:5    | Noticed an orb of fire
 83810 | Zot:5    | Killed an orb of fire
 84315 | Zot:5    | Reached skill level 27 in Long Blades
 84320 | Zot:5    | Got the Orb of Zot
 84363 | Zot:5    | Noticed Sygig the pandemonium lord
 84429 | Zot:5    | Slain by Sygig the pandemonium lord

Vault maps used:
D:1:      shiori_arrival_oz, minmay_fountain_box
D:2:      marbit_many_paths, lemuel_round_altar
D:3:      lemuel_crystal_altar, serial_curves, eino_curves_02, eino_curves_02,
          minmay_misc_feat_room, uniq_jessica, uniq_terence
D:4:      kennysheep_okawaru_gauntlet, tgw_sif, first_bread,
          nicolae_tso_besieged_by_evil, uniq_menkaure
D:5:      basic_altar, uniq_blork_the_orc
D:7:      evilmike_ruin_ashenzari
D:8:      kennysheep_little_box
D:9:      overflow_temple_1_default
D:10:     hiddenorc2_lemuel, basic_altar, enter_bailey_3, blue_anna_alchemist
D:11:     minmay_lair_entry_grove, special_room, minmay_beelzebubs_servants
D:12:     minmay_two_paths
D:13:     lab_entry_generic
D:14:     lightli_vaults_fourway_checkpoint, minmay_misc_feat_pillars, pf_eden
D:15:     grunt_enter_depths_magical_seal, roderic_curled_sauvastika,
          serial_shops, shop, grunt_ministairs_14
Temple:   cyrus_circular_temple
Lair:1:   roderic_batcave, serial_bayou_shore_b
Lair:2:   elwin_shoals_entry_rooms, cheibrodos_lair_lostbears,
          grunt_megastairs_2, serial_bayou_shore_b
Lair:3:   nicolae_spider_entry_non_spiders
Lair:4:   grunt_megastairs_4
Lair:5:   minmay_slime_entry_eyes, special_room, minmay_another_anthill,
          grunt_megastairs_1, lemuel_fruit_tree, minmay_lair_oklob_chamber,
          uniq_urug
Lair:6:   due_jungle_book
Shoals:2: serial_shops, nicolae_shop_crystal, st_shoals_ruin, uniq_jorgrun,
          uniq_louise
Shoals:3: lemuel_centaur_altar
Shoals:4: shoals_end_grunt_ice, shoals_ilsuiw_ice
Spider:2: spiders_nest_a, spider_trap, nicolae_spider_cling_halls
Spider:3: nicolae_orb_stairs
Spider:4: guppyfry_spider_rune
Orc:1:    lightli_church_of_beogh
Orc:2:    st_orc_ogre_mass
Elf:1:    elf_arrival_002, serial_shops, nicolae_shop_overgrown_old_shop,
          minmay_elf_demonology
Elf:2:    mu_enter_wizlab_4, serial_shops, shop
Elf:3:    minmay_elf_hall_not_hex, serial_shops, nicolae_shop_stone
Vaults:1: v_alt_pattern_4, nicolae_vaults_mini_display_case,
          vaults_room_stairs_pillars, grunt_vaults_trifunnel,
          ontoclasm_vaults_ring_square, v_rooms_1, nicolae_vaults_angled_halls,
          nicolae_vaults_twisting_passages, v_alt_pattern_1,
          nicolae_vaults_big_angled_halls, nicolae_vaults_network_periphery,
          nicolae_vaults_angled_halls, vaults_room_pools, ontoclasm_vaults_eye,
          nicolae_vaults_rhombus_5
Vaults:2: v_misc_4, minmay_crypt_entry_skeletal_spiral, vaults_room_grid,
          v_misc_9, vaults_dpeg_encased_lava, vaults_room_pool, v_misc_10,
          v_misc_5, hangedman_vaults_stagger
Vaults:3: hangedman_vaults_unwind, nicolae_vaults_disjoint_gnomons,
          vaults_mumra_minichess_inversion, v_misc_11, vaults_room_door_hall,
          hangedman_vaults_trim, vaults_room_large_hall, v_misc_17,
          nicolae_vaults_little_squares_5, nicolae_vaults_shelves_hall,
          grunt_vaults_bifocal, nicolae_vaults_an_arrangement, vaults_room_grid,
          uniq_boris
Vaults:4: nicolae_vaults_arrows, vaults_room_stairs_pillars, v_misc_32,
          nicolae_vaults_three_branches, nicolae_vaults_circle_grid_b,
          nicolae_vaults_theta, ontoclasm_vaults_tryst, v_misc_4,
          v_alt_pattern_6, nicolae_vaults_yaktaur_gun_rack,
          grunt_vaults_hallway_short, serial_shops, nicolae_shop_stone,
          nicolae_shop_waterfront, shop, uniq_aizul, uniq_margery
Vaults:5: uniq_frederick, uniq_xtahua
Depths:1: hex_intersection, pf_hell_entry_tar_spiral, pan_entry,
          corexii_hall_statues_deadend, grunt_ministairs_12,
          minmay_misc_feat_tiny, serial_sigils_hangedman_gut,
          nicolae_elemental_shop, uniq_sojobo
Depths:2: cheibrodos_hall_of_evolution, grunt_decor_clamped, grunt_hell_horde,
          minmay_staircase_statues, uniq_mara
Depths:3: minmay_shrinking_squares, enter_ziggurat_e, serial_shops,
          bzr_entry_gold, rand_demon_pan_entry_5, grunt_hell_entry_dis_mu,
          serial_curves, eino_curves_03, eino_curves_02, eino_curves_01,
          eino_curves_04
Depths:4: grunt_runaround, abyss_entry, hell_entry
Depths:5: evilmike_zot_entry_basic, hex_intersection, serial_sigils,
          serial_sigils_hangedman_quiver, serial_sigils_hangedman_gut,
          serial_sigils_hangedman_confine, serial_sigils_hangedman_shear,
          serial_sigils_hangedman_carve, hell_entry, spider_trap
Zot:3:    lemuel_acid_trip, st_stairs_8
Lab:      nicolae_lab_dead_adventurers, nicolae_lab_diamond, nicolae_lab_plus,
          nicolae_lab_statue, nicolae_lab_grate
Bazaar:   bazaar_minmay_cross
Bailey:   bailey_polearm_gnolls_kennysheep, bailey
WizLab:   wizlab_zonguldrok

Skill      XL: |  1  2  3  4  5  6  7  8  9 10 11 12 13 14 15 16 17 18 19 20 21 22 23 24 25 26 27 |
---------------+----------------------------------------------------------------------------------+-----
Polearms       | 3 4 5 7 9 11 13 15 16 18 19 20 22 23 | 23.5
Dodging        | 1 7 10 | 10.2
Stealth        | 1 2 |  2.4
Throwing       | 1 |  1.4
Invocations    | 4 6 10 | 10.6
Fighting       | 7 11 13 14 17 19 20 22 27 | 27.0
Armour         | 5 10 12 13 16 18 20 | 20.4
Shields        | 5 10 12 13 16 17 19 21 23 25 | 25.5
Crossbows      | 5 8 11 16 | 16.0
Long Blades    | 4 15 16 19 21 23 24 27 | 27.0
Charms         | 1 |  1.0
Evocations     | 5 |  5.6

Action                   |  1- 3 |  4- 6 |  7- 9 | 10-12 | 13-15 | 16-18 | 19-21 | 22-24 | 25-27 || total
-------------------------+-------+-------+-------+-------+-------+-------+-------+-------+-------++-------
Melee: Trident           |   114 |   114 |   144 |       |       |       |       |       |       ||   372
       Headbutt          |    15 |    19 |    29 |    74 |   184 |   395 |   480 |   588 |   574 ||  2358
       Glaive            |       |       |   187 |   434 |       |       |       |       |       ||   621
       Halberd           |       |       |     1 |       |       |       |       |       |       ||     1
       Demon trident     |       |       |       |   285 |  1251 |  2015 |   820 |       |       ||  4371
       Double sword      |       |       |       |       |       |       |   969 |  1688 |  1664 ||  4321
 Fire: Hand crossbow     |       |       |       |       |    10 |    10 |     3 |       |    50 ||    73
Throw: Tomahawk          |       |       |     2 |     2 |       |       |       |       |       ||     4
       Throwing net      |       |       |       |     7 |       |       |       |       |       ||     7
Invok: Recall Ancestor   |       |       |     1 |    10 |     6 |     5 |     7 |     6 |    10 ||    45
       Ancestor Life: Kn |       |       |     1 |       |       |       |       |       |       ||     1
       Idealise          |       |       |       |       |     1 |     7 |     5 |    10 |    18 ||    41
       Transference      |       |       |       |       |       |     8 |     1 |       |     3 ||    12
Evoke: Wand              |       |       |       |     2 |       |     3 |     2 |     1 |     4 ||    12
       Lightning rod     |       |       |       |       |     4 |       |     1 |     3 |     4 ||    12
       Phantom mirror    |       |       |       |       |       |       |     1 |     1 |     2 ||     4
       Phial of floods   |       |       |       |       |       |       |       |     1 |       ||     1
       Fan of gales      |       |       |       |       |       |       |       |       |     1 ||     1
  Use: Potion            |       |     3 |     2 |     3 |     5 |    10 |     1 |    12 |    12 ||    48
       Scroll            |       |       |     6 |    10 |     7 |    27 |    15 |    12 |    31 ||   108
 Stab: Distracted        |       |       |     2 |     5 |    14 |    13 |    19 |    28 |    31 ||   112
       Held in net/web   |       |       |       |     2 |       |       |       |       |       ||     2
       Petrified         |       |       |       |       |       |       |     3 |       |       ||     3
       Invisible         |       |       |       |       |       |       |       |     1 |       ||     1
       Confused          |       |       |       |       |       |       |       |       |     1 ||     1
  Eat: Chunk             |       |     5 |    15 |    20 |    38 |    41 |    19 |    11 |     1 ||   150
       Pizza             |       |     1 |       |       |     2 |       |     1 |     1 |       ||     5
       Fruit             |       |       |       |     3 |     2 |    18 |    18 |    13 |       ||    54
       Beef jerky        |       |       |       |       |       |       |     6 |     2 |       ||     8
       Bread ration      |       |       |       |       |       |       |       |     1 |       ||     1
       Meat ration       |       |       |       |       |       |       |       |       |    11 ||    11
       Royal jelly       |       |       |       |       |       |       |       |       |     1 ||     1
Armor: Scale mail        |     2 |       |       |       |       |       |       |       |       ||     2
       Plate armour      |    43 |    31 |    96 |   233 |   377 |   546 |    39 |       |       ||  1365
       Crystal plate arm |       |       |       |       |       |       |   369 |   429 |   183 ||   981
       Gold dragon scale |       |       |       |       |       |       |       |       |   282 ||   282
Dodge: Dodged            |     9 |    10 |    46 |   179 |   314 |   505 |   326 |   275 |   324 ||  1988
Block: Shield            |    32 |    35 |    27 |    65 |   351 |       |       |       |       ||   510
       Large shield      |       |       |       |       |   284 |  1587 |  1397 |  1616 |  1878 ||  6762
       Rpst.: Double sword |       |       |       |       |       |       |    36 |    44 |    38 ||   118
